 Dungeon Crawl Stone Soup version 0.27.1 (webtiles) character file.

Game seed: 16658901891303497352

59 Ejeck the Cudgeller (level 3, 0/46 HPs)
             Began as a Minotaur Berserker on Aug 25, 2021.
             Was a Believer of Trog.
             Slain by an orc (5 damage)
             ... on level 3 of the Dungeon.
             The game lasted 00:02:37 (2201 turns).

Ejeck the Cudgeller (Minotaur Berserker)            Turns: 2201, Time: 00:02:38

Health: 0/46       AC:  5    Str: 21    XL:     3   Next: 78%
Magic:  2/2        EV: 11    Int:  4    God:    Trog [**....]
Gold:   75         SH:  0    Dex: 10    Spells: 2/2 levels left

rFire    . . .     SeeInvis .   h - +0 whip
rCold    . . .     Faith    .   (no shield)
rNeg     . . .     Spirit   .   a - +0 ring mail
rPois    .         Reflect  .   (helmet restricted)
rElec    .         Harm     .   (no cloak)
rCorr    .         Rampage  .   (no gloves)
Will     .....                  (no boots)
Stlth    ..........             (no amulet)
HPRegen  0.15/turn              (no ring)
MPRegen  0.08/turn              (no ring)

@: berserking, lethally poisoned (0 -> -18), very quick
A: horns 2, retaliatory headbutt
a: Renounce Religion, Berserk, Trog's Hand


You were on level 3 of the Dungeon.
You worshipped Trog.
Trog was pleased with you.
You visited 1 branch of the dungeon, and saw 3 of its levels.

You collected 75 gold pieces.

Inventory:

Hand Weapons
 h - a +0 whip (weapon)
Armour
 a - a +0 ring mail (worn)
 g - a +0 buckler
Scrolls
 d - a scroll of immolation
Potions
 b - a potion of flight {unknown}
 c - 2 potions of cancellation {unknown}
 e - a potion of might {unknown}


   Skills:
 - Level 3.6 Fighting
 * Level 5.8 Maces & Flails
 - Level 2.4 Armour
 - Level 2.1 Dodging


You had 2 spell levels left.
You didn't know any spells.
Your spell library was empty.

Dungeon Overview and Level Annotations

Branches:
Dungeon (3/15)

Altars:


Innate Abilities, Weirdness & Mutations

You have a pair of horns on your head.
You reflexively headbutt those who attack you in melee.


Message History

Found a whip.
The orc wizard casts a spell at you.
You are confused.
The orc hits you with a +0 club.
You are too confused!
You are too confused!
You are too confused!
You are too confused!
You are too confused!
You hit the orc wizard. Your headbutt misses the orc wizard.
The orc wizard is lightly wounded.
The orc completely misses you. The orc wizard barely misses you.
The orc closely misses you.
You're too confused to move!
The orc barely misses you.
The orc wizard hits you with a +0 dagger.
The orc hits you with a +0 hand axe. The orc misses you.
You closely miss the orc wizard.
You headbutt the orc wizard, but do no damage.
The orc wizard is lightly wounded.
The orc hits you but does no damage. The orc wizard closely misses you.
You feel less confused.
The orc hits you with a +5 dagger of venom!
You are poisoned.
The orc hits you with a +0 club. The orc closely misses you.
You hit the orc but do no damage.
You feel very sick. The orc hits you with a +0 club.
The orc hits you with a +5 dagger of venom.
* * * LOW HITPOINT WARNING * * *
You are more poisoned.
A red film seems to cover your vision as you go berserk!
You feel yourself moving faster!
You feel mighty!
* * * LOW HITPOINT WARNING * * *
You feel very sick. The orc hits you with a +0 hand axe.
* * * LOW HITPOINT WARNING * * *
The orc wizard barely misses you. The orc hits you but does no damage.
The orc hits you with a +5 dagger of venom.
You die...

## ###.#######
...#...... #
##..#..... .
###.##<.##.......
...........###..##
.....##.ooo.......
.### #>#@oK....##
#....##.....#
#.... ....$.#
#.... ......#
#....# .#.....
#.... ....#..
#.... ...$..)
#.... #. .#.


You could see an orc wizard, 3 orcs and a kobold.

Vanquished Creatures
  An adder (D:2)
  A worm (D:2)
  A dart slug (D:1)
  5 ball pythons
  3 endoplasms
  4 giant cockroaches
  7 goblins
  4 hobgoblins
  3 quokkas
  3 bats
  2 frilled lizards
  5 kobolds
  3 rats (D:1)
42 creatures vanquished.

Vanquished Creatures (others)
  5 toadstools (D:1)
5 creatures vanquished.

Grand Total: 47 creatures vanquished

Notes
Turn   | Place    | Note
-------+----------+-------------------------------------------
     0 | D:1      | Ejeck the Minotaur Berserker began the quest for the Orb.
     0 | D:1      | Reached XP level 1. HP: 19/19 MP: 0/0
    21 | D:1      | Found a faded altar of an unknown god.
    58 | D:1      | Reached skill level 4 in Maces & Flails
   253 | D:1      | Reached XP level 2. HP: 26/26 MP: 1/1
   682 | D:1      | Reached skill level 5 in Maces & Flails
  1008 | D:2      | Reached ** piety under Trog
  1015 | D:2      | Reached XP level 3. HP: 28/31 MP: 2/2
  2201 | D:3      | Slain by an orc

Illustrated notes

Levels and vault maps discovered:
D:1:      ldierk_walled_garden, layout_basic, hellmonk_ecumenical_altar_blasted,
          corexii_hall_statues_deadend
D:2:      layout_loops_corners
D:3:      layout_rooms, lemuel_round_altar, serial_shops, shop_fountains

Skill      XL: |  1  2 |
---------------+-------+-----
Maces & Flails | 4 5 |  5.8
Fighting       | |  3.6
Armour         | |  2.4
Dodging        | |  2.1

Action                   || total
-------------------------++-------
Melee: Mace              ||    52
       Headbutt          ||    13
       Whip              ||    48
Invok: Berserk           ||     1
 Stab: Sleeping          ||     1
Armor: Animal skin       ||     9
       Ring mail         ||     7
Dodge: Dodged            ||    63
